[Event "Team 45 45 League T56"]
[Site "Internet Chess Club"]
[Date "2013.03.25"]
[Round "5"]
[White "tcianciola"]
[Black "MeansToAnEnd"]
[Result "1-0"]
[WhiteElo "1297"]
[BlackElo "1376"]
[Opening "QGD Slav: 4.Nc3"]
[ECO "D15"]
[Time "20:00:47"]
[TimeControl "2700+45"]

1. d4 d5 2. c4 c6 3. Nc3 Nf6 4. Nf3 Be6 5. c5 b6 6. b4 Nbd7 7. Bg5 Qc7 8. e3
bxc5 9. a3 cxd4 10. Bf4 Qb6 11. Qxd4 Qxd4 12. Nxd4 Bg4 13. h3 Bh5 14. Ba6 Rb8
15. Bxb8 Nxb8 16. Bd3 e6 17. O-O Bg6 18. Be2 Bd6 19. Rac1 Be5 20. Nxc6 Nxc6 21.
Bb5 Kd7 22. Na4 Rb8 23. Bxc6+ Kd6 24. b5 Bd3 25. Rfd1 Bxb5 26. Bxb5 Rxb5 27. f4
Bb2 28. Rb1 Ra5 29. Nxb2 Rxa3 30. Rd3 Ra2 31. Nc4+ Kc5 32. Ne5 Ne4 33. Rc1+ Kd6
34. Rc6+ Ke7 35. Rc7+ Ke8 36. Rb3 Ra1+ 37. Kh2 Kd8 38. Rd7+ Kc8 39. Rbb7 Nc5 40.
Rdc7+ Kd8 41. Nxf7+ Ke8 42. Rb8# {Black checkmated} 1-0

[Event "Team 45 45 League T56"]
[Site "Internet Chess Club"]
[Date "2013.03.29"]
[Round "5"]
[White "JRussell2"]
[Black "WzeroMN"]
[Result "1-0"]
[WhiteElo "1325"]
[BlackElo "1007"]
[Opening "Queen's pawn game, Chigorin variation"]
[ECO "A04"]
[Time "11:01:25"]
[TimeControl "2700+45"]

1. Nf3 Nc6 2. d4 d5 3. c4 e6 4. e3 Nf6 5. Nc3 Bb4 6. Bd2 Bxc3 7. Bxc3 Ne4 8. Qc2
Nxc3 9. Qxc3 Qd6 10. c5 Qe7 11. Bd3 Bd7 12. O-O a6 13. Rfe1 O-O-O 14. b4 g6 15.
a4 Na7 16. Ne5 Bc6 17. Reb1 f6 18. Nxc6 Nxc6 19. b5 axb5 20. axb5 Nb8 21. c6
bxc6 22. bxc6 Nxc6 23. Qxc6 {Black resigns} 1-0

[Event "Team 45 45 League T56"]
[Site "Internet Chess Club"]
[Date "2013.03.24"]
[Round "5"]
[White "Macovitski"]
[Black "fuzzface"]
[Result "1-0"]
[WhiteElo "1203"]
[BlackElo "1329"]
[Opening "Scotch game"]
[ECO "C45"]
[Time "09:00:12"]
[TimeControl "2700+45"]

1. e4 e5 2. d4 exd4 3. Nf3 Nc6 4. Nxd4 Nxd4 5. Qxd4 Qf6 6. e5 c5 7. exf6 cxd4 8.
fxg7 Bxg7 9. Bc4 Ne7 10. c3 d5 11. Bb5+ Nc6 12. O-O a6 13. Bxc6+ bxc6 14. Re1+
Be6 15. cxd4 Bxd4 16. Nd2 Rb8 17. Nb3 Bb6 18. Be3 Bxe3 19. Rxe3 O-O 20. Rc1 Rb6
21. Re2 Kh8 22. Nd4 Rfb8 23. b3 Bd7 24. Re7 Be8 25. Rce1 c5 26. Rxe8+ Rxe8 27.
Rxe8+ Kg7 28. Nf5+ Kf6 29. Ne3 Rd6 30. Rh8 Kg6 31. Rg8+ Kf6 32. h4 d4 33. Ng4+
Ke7 34. Kf1 Re6 35. Rc8 h5 36. Nh6 Rxh6 37. Rxc5 Kd6 38. Ra5 Re6 39. Rxa6+ Kd5
40. Rxe6 fxe6 41. f4 Ke4 42. f5 Kxf5 43. Ke2 Ke4 44. a4 d3+ 45. Kd2 Kd4 46. a5
e5 47. a6 e4 48. a7 e3+ 49. Kd1 Kc3 50. a8=Q e2+ 51. Ke1 Kxb3 52. Qd5+ Kc3 53.
Qxh5 Kc2 54. Qxe2+ Kc3 55. Qxd3+ Kxd3 56. h5 Ke4 57. h6 Kf5 58. h7 Kg6 59. h8=Q
{Black resigns} 1-0

[Event "Team 45 45 League T56"]
[Site "Internet Chess Club"]
[Date "2013.03.24"]
[Round "5"]
[White "tamky70"]
[Black "lawth3"]
[Result "1-0"]
[WhiteElo "1414"]
[BlackElo "1246"]
[Opening "Nimzo-Indian: Romanishin-Kasparov (Steiner) system"]
[ECO "E00"]
[Time "18:59:09"]
[TimeControl "2700+45"]

1. d4 Nf6 2. c4 e6 3. g3 Bb4+ 4. Nc3 Bxc3+ 5. bxc3 O-O 6. Bg2 d5 7. c5 b6 8. Ba3
Ba6 9. Nf3 Nc6 10. O-O Ne4 11. Qc2 h6 12. Rfe1 Re8 13. Nd2 Nxd2 14. Qxd2 Na5 15.
cxb6 Nc4 16. Qc1 Nxa3 17. Qxa3 axb6 18. Qb2 Bc4 19. e4 e5 20. exd5 Bxd5 21. Rxe5
Bxg2 22. Rxe8+ Qxe8 23. Kxg2 Ra5 24. Qd2 Qe4+ 25. f3 Qd5 26. a3 Qb3 27. Kf2 Rxa3
28. Rxa3 Qxa3 29. d5 Qc5+ 30. Kg2 f6 31. Qd3 Kf7 32. h4 Qd6 33. c4 c6 34. Qb3
cxd5 35. cxd5 Qc5 36. d6+ Ke8 37. Qe6+ Kd8 38. Qe7+ Kc8 39. d7+ Kb7 40. Qxc5
{Black resigns} 1-0

[Event "Team 45 45 League T56"]
[Site "Internet Chess Club"]
[Date "2013.03.22"]
[Round "5"]
[White "Mariogs379"]
[Black "chips"]
[Result "0-1"]
[WhiteElo "1094"]
[BlackElo "1242"]
[Opening "Owen defense"]
[ECO "B00"]
[Time "22:25:04"]
[TimeControl "2700+45"]

1. e4 b6 2. d4 Bb7 3. Nc3 d6 4. Nf3 Nf6 5. Bg5 Nbd7 6. Qe2 h6 7. Bh4 Qc8 8.
O-O-O a5 9. e5 Ba6 10. Qe3 dxe5 11. dxe5 Nh7 12. Bb5 Bxb5 13. Nxb5 g5 14. Bg3 e6
15. Nfd4 Bc5 16. h4 Qb7 17. f3 O-O-O 18. hxg5 hxg5 19. Qe4 Qxe4 20. fxe4 Kb7 21.
Nb3 Be3+ 22. Kb1 Bf4 23. Bxf4 gxf4 24. Rhf1 Nxe5 25. Rxd8 Rxd8 26. Kc1 Rg8 27.
Rg1 Nf6 28. N3d4 Nc6 29. Ne2 e5 30. Nbc3 Ne7 31. a3 c6 32. b4 axb4 33. axb4 Nc8
34. Rd1 Rxg2 35. Rd2 f3 {White resigns} 0-1

[Event "Team 45 45 League T56"]
[Site "Internet Chess Club"]
[Date "2013.03.22"]
[Round "5"]
[White "MinnArkie"]
[Black "spongenotbob"]
[Result "0-1"]
[WhiteElo "1594"]
[BlackElo "1842"]
[Opening "English: Caro-Kann defensive system"]
[ECO "A11"]
[Time "20:00:45"]
[TimeControl "2700+45"]

1. c4 c6 2. Nf3 d5 3. e3 Nf6 4. Nc3 e6 5. b3 Nbd7 6. Bb2 Bd6 7. Be2 O-O 8. O-O
Qc7 9. h3 a6 10. cxd5 exd5 11. Rc1 Nc5 12. b4 Nce4 13. Nxe4 Nxe4 14. d3 Nf6 15.
a3 Qe7 16. Nd4 Qe5 17. g3 Bxh3 18. Qd2 Qg5 19. Nf3 Qg4 20. Nh2 Qg6 21. g4 Nxg4
22. Bxg4 Bxg4 23. f4 Bh3+ 24. Kh1 Bxf1 25. Rxf1 Rfe8 26. Rg1 Qh5 27. Rxg7+ Kf8
28. Bf6 Qh3 29. Kg1 Rxe3 30. Qg2 Qxg2+ {White resigns} 0-1

[Event "Team 45 45 League T56"]
[Site "Internet Chess Club"]
[Date "2013.03.21"]
[Round "5"]
[White "drsigmund1"]
[Black "ChessMaine"]
[Result "1-0"]
[WhiteElo "1597"]
[BlackElo "1427"]
[Opening "Queen's bishop game"]
[ECO "D02"]
[Time "20:02:50"]
[TimeControl "2700+45"]

1. d4 d5 2. Nf3 Nf6 3. Bf4 e6 4. e3 Be7 5. Bd3 O-O 6. Nbd2 Nbd7 7. Ne5 Nxe5 8.
dxe5 Nd7 9. Qh5 g6 10. Qh6 Re8 11. Nf3 Bf8 12. Qh3 Bg7 13. Bh6 Nxe5 14. Nxe5
Bxe5 15. O-O-O Bg7 16. f4 e5 17. f5 e4 18. Be2 Bxf5 19. g4 Be6 20. Bxg7 Kxg7 21.
Qg3 c6 22. h4 a5 23. h5 b5 24. hxg6 hxg6 25. g5 Rh8 26. Qe5+ f6 27. Qxe6 fxg5
28. Rxh8 Qxh8 29. Qe7+ Kg8 30. Qxg5 Qg7 31. Bg4 b4 32. Be6+ Kf8 33. Rf1+ Ke8 34.
Rf6 {Black resigns} 1-0

[Event "Team 45 45 League T56"]
[Site "Internet Chess Club"]
[Date "2013.03.25"]
[Round "5"]
[White "SugarIslander"]
[Black "hood"]
[Result "1-0"]
[WhiteElo "1666"]
[BlackElo "1705"]
[Opening "Grünfeld: Russian, Smyslov variation"]
[ECO "D98"]
[Time "19:00:21"]
[TimeControl "2700+45"]

1. d4 Nf6 2. c4 g6 3. Nc3 d5 4. Nf3 Bg7 5. Qb3 dxc4 6. Qxc4 O-O 7. e4 Bg4 8. Be3
Bxf3 9. gxf3 Nc6 10. O-O-O a6 11. Be2 Qd7 12. h4 b5 13. Qc5 Rfb8 14. e5 Ne8 15.
h5 b4 16. Ne4 b3 17. a3 e6 18. hxg6 hxg6 19. Bh6 Bh8 20. Qf8+ Kh7 21. Bg7#
{Black checkmated} 1-0

[Event "Team 45 45 League T56"]
[Site "Internet Chess Club"]
[Date "2013.03.24"]
[Round "5"]
[White "LiangLiang"]
[Black "oldsj"]
[Result "0-1"]
[WhiteElo "1722"]
[BlackElo "1605"]
[Opening "Ruy Lopez: open, Bernstein variation"]
[ECO "C80"]
[Time "12:04:46"]
[TimeControl "2700+45"]

1. e4 e5 2. Nf3 Nc6 3. Bb5 a6 4. Ba4 Nf6 5. O-O Nxe4 6. d4 b5 7. Bb3 d5 8. dxe5
Be6 9. Nbd2 Nc5 10. Re1 Be7 11. a4 O-O 12. c3 Bg4 13. h3 Bh5 14. Bc2 Nxa4 15.
Bxa4 bxa4 16. Qxa4 Qd7 17. b4 Rfd8 18. Bb2 Bg6 19. Red1 Bd3 20. Qb3 Be2 21. Re1
Bb5 22. g4 a5 23. bxa5 Nxa5 24. Qc2 Nc4 25. Nxc4 Bxc4 26. Nd4 c6 27. e6 fxe6 28.
Rxa8 Rxa8 29. Nxe6 Re8 30. Qf5 Bf6 31. g5 Bxg5 32. Nxg5 Rxe1+ {White resigns}
0-1

[Event "Team 45 45 League T56"]
[Site "Internet Chess Club"]
[Date "2013.03.31"]
[Round "5"]
[White "nanning"]
[Black "DouDou"]
[Result "1-0"]
[WhiteElo "1610"]
[BlackElo "1759"]
[Opening "Ruy Lopez: Anderssen variation"]
[ECO "C77"]
[Time "14:00:29"]
[TimeControl "2700+45"]

1. e4 e5 2. Nf3 Nc6 3. Bb5 a6 4. Ba4 Nf6 5. d3 b5 6. Bb3 Bc5 7. O-O d6 8. c3 O-O
9. Re1 Bg4 10. Nbd2 Qd7 11. Nf1 Rfe8 12. h3 Bh5 13. Ng3 Rad8 14. Nxh5 Nxh5 15.
Ng5 Nf6 16. Nxf7 Kf8 17. Nxd8 Qxd8 18. Qf3 Ne7 19. Be3 Bxe3 20. fxe3 Ng6 21. a4
c6 22. axb5 axb5 23. Rf1 Qe7 24. g4 h6 25. g5 hxg5 26. Qh5 Qd7 27. Qxg6 {Black
resigns} 1-0

[Event "Team 45 45 League T56"]
[Site "Internet Chess Club"]
[Date "2013.03.23"]
[Round "5"]
[White "chess-fan"]
[Black "smsxman"]
[Result "1-0"]
[WhiteElo "1674"]
[BlackElo "1423"]
[Opening "Philidor: exchange variation"]
[ECO "C41"]
[Time "13:00:20"]
[TimeControl "2700+45"]

1. e4 e5 2. Nf3 d6 3. d4 exd4 4. Nxd4 Bd7 5. Nc3 Nf6 6. Be2 a6 7. Be3 Be7 8. Qd2
Nc6 9. O-O-O b5 10. Nb3 b4 11. Nb1 Nxe4 12. Qd5 Nf6 13. Qc4 Be6 14. Qxc6+ Nd7
15. Qa4 O-O 16. Na5 c5 17. Nc6 Qc8 18. Nxe7+ {Black resigns} 1-0

[Event "Team 45 45 League T56"]
[Site "Internet Chess Club"]
[Date "2013.03.24"]
[Round "5"]
[White "globulon"]
[Black "Aquaman"]
[Result "1-0"]
[WhiteElo "1286"]
[BlackElo "1317"]
[Opening "QP counter-gambit: Maroczy gambit"]
[ECO "C40"]
[Time "21:30:32"]
[TimeControl "2700+45"]

1. e4 e5 2. Nf3 d5 3. exd5 Bd6 4. Nc3 Nf6 5. Bb5+ Bd7 6. Bc4 O-O 7. d4 e4 8. Nd2
Re8 9. O-O Bf5 10. f3 exf3 11. Qxf3 Bxc2 12. Qh3 Bg6 13. Nf3 Qd7 14. Qh4 Qg4 15.
Qxg4 Nxg4 16. Bb5 Rf8 17. Bd2 a6 18. Ba4 b5 19. Bd1 Nf6 20. Nh4 Nbd7 21. Nxg6
hxg6 22. Bc2 Nb6 23. a3 Nbxd5 24. Nxd5 Nxd5 25. Be4 c6 26. Rac1 Rac8 27. Kh1 Ne7
28. Rf3 f5 29. Bc2 Nd5 30. Bb3 a5 31. Ba2 a4 32. Re1 Rce8 33. Rc1 Rc8 34. Rfc3
Kh7 35. Rxc6 Rxc6 36. Rxc6 Bf4 37. Bxf4 Nxf4 38. g3 Nd3 39. d5 b4 40. Bc4 Nxb2
41. axb4 Nxc4 42. Rxc4 Rd8 43. Rc5 a3 44. Ra5 a2 45. Rxa2 Rxd5 46. Ra5 Rd1+ 47.
Kg2 Rd2+ 48. Kf3 Rb2 49. b5 Kh6 50. Kf4 Rb4+ 51. Ke5 Kg5 52. Kd6 Kf6 53. Kc5 Rb1
54. b6 Ke6 55. Kc6 Rc1+ 56. Rc5 Rb1 57. b7 g5 58. Kc7 Rb3 59. b8=Q Rxb8 60. Kxb8
g6 61. Kc7 Kf6 62. Rc6+ Kg7 63. Kd7 Kf7 64. Rd6 f4 65. gxf4 gxf4 66. Rd3 Kf6 67.
Kd6 g5 68. Kd5 Kf5 69. h3 g4 70. hxg4+ Kxg4 71. Ke4 Kg5 72. Rf3 {Black resigns}
1-0

[Event "Team 45 45 League T56"]
[Site "Internet Chess Club"]
[Date "2013.03.25"]
[Round "5"]
[White "semperfi"]
[Black "jjaco"]
[Result "1-0"]
[WhiteElo "1394"]
[BlackElo "1115"]
[Opening "Queen's pawn game"]
[ECO "D04"]
[Time "16:00:11"]
[TimeControl "2700+45"]

1. d4 d5 2. Nf3 Nf6 3. e3 Nc6 4. Bd3 e6 5. c3 g6 6. Nbd2 Bg7 7. O-O O-O 8. e4
Ne7 9. e5 Nd7 10. Nb3 c6 11. Bg5 f6 12. exf6 Nxf6 13. Bxf6 Bxf6 14. Qd2 Nf5 15.
Rfe1 Re8 16. Bxf5 gxf5 17. Qf4 Qe7 18. Nc5 b6 19. Qg3+ Kh8 20. Nd3 Rg8 21. Qh3
Bd7 22. Nde5 Raf8 23. Nxd7 Qxd7 24. Ne5 Qe8 25. Re2 c5 26. dxc5 bxc5 27. Qe3 Rg5
28. Qxc5 f4 29. f3 Bxe5 30. Rxe5 Rxe5 31. Qd4 Rf5 32. Re1 Kg8 33. Rxe5 Rxe5 34.
Qxe5 Qf7 35. Qg5+ Kh8 36. g3 fxg3 37. Qxg3 Qg7 38. Qxg7+ Kxg7 39. Kf2 Kf6 40.
Ke3 Ke5 41. a3 Kd6 42. Kd4 e5+ 43. Ke3 h5 44. h4 a5 45. b4 a4 46. f4 Ke6 47. b5
e4 48. b6 Kd6 49. f5 Kc6 50. f6 Kxb6 51. f7 Kc5 52. f8=Q+ Kc6 {Black resigns}
1-0

[Event "Team 45 45 League T56"]
[Site "Internet Chess Club"]
[Date "2013.03.21"]
[Round "5"]
[White "Sanjaya"]
[Black "RobertBuice"]
[Result "0-1"]
[WhiteElo "1066"]
[BlackElo "1088"]
[Opening "QGD Slav defense"]
[ECO "D10"]
[Time "20:01:01"]
[TimeControl "2700+45"]

1. d4 d5 2. c4 c6 3. c5 Nf6 4. Bg5 Bf5 5. Bxf6 exf6 6. Qb3 Qc7 7. Nc3 Be7 8. Nf3
O-O 9. Nh4 Be6 10. e4 dxe4 11. d5 cxd5 12. Nxd5 Qa5+ 13. Qc3 Qxc3+ 14. Nxc3 Bxc5
15. Nxe4 Bb4+ 16. Nd2 Rd8 17. Nf3 Nc6 18. a3 Bxd2+ 19. Nxd2 Rd6 20. Ne4 Rd4 21.
f3 Rad8 22. Nc3 Bb3 23. g3 a6 24. Bg2 Re8+ 25. Ne2 Bc4 26. Bf1 Bd5 27. Kf2 Rd2
28. Re1 Rxb2 29. Rg1 b5 30. Rg2 h6 31. Kg1 b4 32. axb4 Ne5 33. Nd4 Rxg2+ 34.
Bxg2 Rb8 35. f4 Bxg2 36. fxe5 Bh3 37. exf6 Rxb4 38. Nc6 Rb2 39. Kh1 Bg2+ 40. Kg1
Bxc6 41. Ra1 Rg2+ 42. Kf1 Rxh2 43. Ke1 Rh1+ {White resigns} 0-1

[Event "Team 45 45 League T56"]
[Site "Internet Chess Club"]
[Date "2013.03.25"]
[Round "5"]
[White "artspir"]
[Black "theartist"]
[Result "0-1"]
[WhiteElo "1188"]
[BlackElo "1146"]
[Opening "Queen's pawn game"]
[ECO "A46"]
[Time "13:31:42"]
[TimeControl "2700+45"]

1. d4 Nf6 2. Nf3 e6 3. Bf4 c5 4. e3 Nc6 5. c3 Nh5 6. Bd3 Nxf4 7. exf4 Qb6 8. Qc2
h6 9. O-O cxd4 10. cxd4 Nxd4 11. Nxd4 Qxd4 12. f5 Be7 13. fxe6 dxe6 14. Rd1 Qc5
15. Nc3 Bd7 16. b3 Rc8 17. Bc4 b5 18. Qd3 Rc7 19. Ne4 Qc6 20. Rac1 bxc4 21. Rxc4
Qb6 22. a4 Qb8 23. Rdc1 Rxc4 24. Rxc4 Qb7 25. Nd6+ Bxd6 26. Qxd6 Qb6 27. Rd4
Qxd6 28. Rxd6 Ke7 29. Rd1 a5 30. f3 e5 31. Kf2 Rb8 32. Rb1 Rb4 33. Ke3 Be6 34.
Rc1 Rxb3+ 35. Kf2 Ra3 36. Rc7+ Kd6 37. Ra7 Rxa4 38. Ra6+ Kc5 39. Ra8 Kb6 40. h4
Ra3 41. Rb8+ Kc7 42. Rg8 g6 43. g4 Bd5 44. Ke1 Bxf3 45. Rf8 Bd5 46. Rh8 Rg3 47.
Rxh6 Rxg4 48. Kf2 Ra4 49. Kg3 Rf4 50. Kh2 a4 51. h5 Rh4+ 52. Kg3 Rxh5 53. Rxh5
gxh5 54. Kh4 a3 55. Kxh5 a2 56. Kg5 a1=Q 57. Kf6 e4+ 58. Ke7 Qe5+ 59. Kf8 e3 60.
Kg8 e2 61. Kf8 e1=Q 62. Kg8 Q1g3+ 63. Kf8 Qh4 64. Kg8 f5+ 65. Kf8 Qhf6# {White
checkmated} 0-1

[Event "Team 45 45 League T56"]
[Site "Internet Chess Club"]
[Date "2013.03.21"]
[Round "5"]
[White "ethan0627"]
[Black "guyd52"]
[Result "1/2-1/2"]
[WhiteElo "1284"]
[BlackElo "1331"]
[Opening "Pirc: classical (two knights) system"]
[ECO "B08"]
[Time "19:00:51"]
[TimeControl "2700+45"]

1. e4 d6 2. Nf3 Nf6 3. Nc3 g6 4. d4 Bg7 5. Bf4 Nbd7 6. Bc4 O-O 7. O-O Re8 8. Ng5
e6 9. Qd2 Nh5 10. Be3 Bh8 11. Rad1 b6 12. d5 e5 13. Be2 Ndf6 14. Nf3 Nd7 15. Ng5
Ndf6 16. Nf3 Nd7 17. Ng5 Ndf6 {Game drawn by repetition} 1/2-1/2

[Event "Team 45 45 League T56"]
[Site "Internet Chess Club"]
[Date "2013.03.24"]
[Round "5"]
[White "WilmaP"]
[Black "dknight"]
[Result "0-1"]
[WhiteElo "1139"]
[BlackElo "1194"]
[Opening "Scandinavian defense, Lasker variation"]
[ECO "B01"]
[Time "13:30:30"]
[TimeControl "2700+45"]

1. e4 d5 2. exd5 Qxd5 3. Nc3 Qa5 4. d4 Nf6 5. Nf3 Bg4 6. h3 Bxf3 7. Qxf3 Nc6 8.
Be3 e6 9. Bb5 Bb4 10. Bd2 O-O 11. a3 Nxd4 12. Qd3 Nxb5 13. Nxb5 Bxd2+ 14. Qxd2
Qxb5 15. O-O-O h6 16. g4 Rfd8 17. Qf4 Rxd1+ 18. Rxd1 g5 19. Qxc7 Ne4 20. Rd8+
Rxd8 21. Qxd8+ Kg7 22. Qd4+ Nf6 23. c3 Qf1+ 24. Kc2 Qxh3 25. Qxa7 Qxg4 26. Qxb7
Qe2+ 27. Kb3 Qxf2 28. a4 g4 29. a5 g3 30. a6 g2 31. a7 g1=Q 32. a8=Q Qb6+ 33.
Qxb6 Qxb6+ 34. Kc2 Qf2+ 35. Kb3 h5 36. Ka3 e5 37. b4 e4 38. Kb3 e3 39. Qb7 e2
40. Qe7 e1=Q 41. Qxe1 Qxe1 42. Kc4 h4 43. b5 h3 44. b6 h2 45. b7 Qe4+ 46. Kb3
Qxb7+ 47. Kc2 h1=Q 48. c4 Qh3 49. Kd2 Qbg2+ 50. Kc1 Qhh1# {White checkmated} 0-1

[Event "Team 45 45 League T56"]
[Site "Internet Chess Club"]
[Date "2013.03.25"]
[Round "5"]
[White "MasterD"]
[Black "wekabird"]
[Result "1-0"]
[WhiteElo "1128"]
[BlackElo "1155"]
[Opening "Caro-Kann: classical, 6.h4"]
[ECO "B19"]
[Time "19:31:37"]
[TimeControl "2700+45"]

1. e4 c6 2. d4 d5 3. Nc3 dxe4 4. Nxe4 Bf5 5. Ng3 Bg6 6. h4 h6 7. Nf3 Nf6 8. h5
Bh7 9. Bd3 Bxd3 10. Qxd3 Nbd7 11. Bf4 e6 12. O-O-O Nd5 13. Be5 Nxe5 14. Nxe5 Be7
15. c4 Nb4 16. Qb3 O-O 17. c5 Bg5+ 18. Kb1 Rb8 19. Qxb4 Qd5 20. f3 Bd8 21. Qc4
Qxc4 22. Nxc4 b5 23. Nd6 Bc7 24. Nde4 f5 25. Nd6 Bxd6 26. cxd6 Rbd8 27. Rc1 Rxd6
28. Rc5 a5 29. Rhc1 Rc8 30. d5 exd5 31. Nxf5 Re6 32. Rxd5 Kf7 33. Rd7+ Kf6 34.
Nxg7 Re7 35. Rxe7 Kxe7 36. Nf5+ Kf7 37. Nxh6+ Kg7 38. Nf5+ Kh7 39. Rc5 a4 40.
Nd4 Rd8 41. Nxc6 Rd1+ 42. Kc2 Rg1 43. g4 Rg2+ 44. Kc3 Rg1 45. g5 Rc1+ 46. Kb4
Rc2 47. Rxc2 {Black resigns} 1-0

[Event "Team 45 45 League T56"]
[Site "Internet Chess Club"]
[Date "2013.03.23"]
[Round "5"]
[White "Helaman"]
[Black "Marcosm06"]
[Result "1-0"]
[WhiteElo "1855"]
[BlackElo "1662"]
[Opening "Sicilian: Najdorf, 7...Be7"]
[ECO "B98"]
[Time "15:00:23"]
[TimeControl "2700+45"]

1. e4 c5 2. Nf3 d6 3. d4 cxd4 4. Nxd4 Nf6 5. Nc3 a6 6. Bg5 e6 7. f4 Be7 8. Qf3
h6 9. Bh4 Nbd7 10. O-O-O g5 11. fxg5 Ne5 12. Qe2 Nfg4 13. Bg3 hxg5 14. Kb1 Qc7
15. h3 Bf6 16. Qd2 Bd7 17. Be2 Nh6 18. Rdf1 Ke7 19. h4 Rag8 20. hxg5 Bxg5 21.
Bf4 Bxf4 22. Qxf4 Rg6 23. Nf5+ Nxf5 24. Rxh8 Nd4 25. Qh4+ {Black resigns} 1-0

[Event "Team 45 45 League T56"]
[Site "Internet Chess Club"]
[Date "2013.03.25"]
[Round "5"]
[White "arvindsp"]
[Black "badmove"]
[Result "1/2-1/2"]
[WhiteElo "1485"]
[BlackElo "1640"]
[Opening "Sicilian: Kan variation"]
[ECO "B41"]
[Time "18:14:01"]
[TimeControl "2700+45"]

1. e4 c5 2. Nf3 e6 3. d4 cxd4 4. Nxd4 a6 5. Be3 Qc7 6. Nc3 Bb4 7. Qd3 Nf6 8. f3
d5 9. Bd2 e5 10. Nb3 d4 11. Nd1 Bxd2+ 12. Qxd2 Be6 13. Bd3 Nbd7 14. c3 Rc8 15.
Rc1 Bxb3 16. axb3 Nc5 17. Qc2 Nxd3+ 18. Qxd3 O-O 19. O-O Rfd8 20. Rf2 dxc3 21.
Qxc3 Qd7 22. Rd2 Rxc3 23. Rxd7 Rxd7 24. Nxc3 Kf8 25. Rd1 Ke7 26. Kf2 Rxd1 27.
Nxd1 Kd6 28. Ke3 Nd7 29. Kd3 Kc5 30. Kc3 b5 31. b4+ Kd6 32. Ne3 g6 33. Nd5 f5
34. b3 fxe4 35. fxe4 Nf8 36. Nf6 Ke7 37. Nd5+ Kd6 38. Nf6 Ke7 39. Nd5+ Kd6 40.
Nf6 {Game drawn by repetition} 1/2-1/2

[Event "Team 45 45 League T56"]
[Site "Internet Chess Club"]
[Date "2013.03.24"]
[Round "5"]
[White "ILRE"]
[Black "dabodhi"]
[Result "1-0"]
[WhiteElo "1604"]
[BlackElo "1379"]
[Opening "English: Queens Indian formation"]
[ECO "A17"]
[Time "14:24:33"]
[TimeControl "2700+45"]

1. c4 Nf6 2. Nc3 e6 3. Nf3 b6 4. g3 Bb7 5. Bg2 Nc6 6. O-O Be7 7. d3 O-O 8. Bg5
h6 9. Bf4 Bd6 10. Bxd6 cxd6 11. Rb1 d5 12. cxd5 exd5 13. d4 Re8 14. e3 Rc8 15.
Re1 Ba6 16. Nh4 Nb4 17. Qa4 Nd3 18. Red1 Bc4 19. Rd2 Ng4 20. Nxd5 Bxd5 21. Bxd5
Ndxf2 22. Rxf2 Nxf2 23. Kxf2 Qf6+ 24. Kg1 Rxe3 25. Rf1 {Black forfeits on time}
1-0

[Event "Team 45 45 League T56"]
[Site "Internet Chess Club"]
[Date "2013.03.23"]
[Round "5"]
[White "eclectic"]
[Black "PaulRichard"]
[Result "0-1"]
[WhiteElo "1400"]
[BlackElo "1594"]
[Opening "Nimzo-Indian: Leningrad variation"]
[ECO "E30"]
[Time "18:00:42"]
[TimeControl "2700+45"]

1. d4 e6 2. c4 Nf6 3. Bg5 Bb4+ 4. Nc3 c5 5. d5 Bxc3+ 6. bxc3 d6 7. e4 h6 8. Bxf6
Qxf6 9. Qf3 Qxf3 10. Nxf3 e5 11. Bd3 Nd7 12. Nd2 Nf6 13. Nb3 b6 14. a4 a5 15.
O-O Nh5 16. g3 Bh3 17. Rfb1 Kd7 18. Nd2 Kc7 19. Be2 Nf6 20. f3 g5 21. g4 h5 22.
Rb2 hxg4 23. fxg4 Bxg4 24. Bxg4 Nxg4 25. Rab1 Rab8 26. Nf3 f6 27. Re2 Rh3 28.
Kg2 Rbh8 29. Rh1 R3h7 30. h3 Nh6 31. Rb1 g4 32. Nh4 gxh3+ 33. Kxh3 Nf7 34. Kg4
Rxh4+ 35. Kf5 R8h5+ 36. Ke6 Nd8+ 37. Kxf6 Rh6+ 38. Ke7 Rf4 39. Ke8 Rh8+ {White
resigns} 0-1

[Event "Team 45 45 League T56"]
[Site "Internet Chess Club"]
[Date "2013.03.24"]
[Round "5"]
[White "ticopatzer"]
[Black "kevinbliu"]
[Result "1-0"]
[WhiteElo "1689"]
[BlackElo "1541"]
[Opening "Nimzo-Indian: 4.e3 e8g8, 5.Nf3, without ...d5"]
[ECO "E50"]
[Time "18:07:45"]
[TimeControl "2700+45"]

1. d4 Nf6 2. c4 e6 3. Nc3 Bb4 4. e3 O-O 5. Nf3 b6 6. Be2 Bb7 7. O-O d5 8. cxd5
Nxd5 9. Bd2 Nxc3 10. bxc3 Be7 11. Rb1 c5 12. a4 Nc6 13. Qc2 Rc8 14. Bd3 h6 15.
Qa2 Bf6 16. Bc2 Qe7 17. Qc4 cxd4 18. Qd3 dxc3 19. Qh7# {Black checkmated} 1-0

[Event "Team 45 45 League T56"]
[Site "Internet Chess Club"]
[Date "2013.03.22"]
[Round "5"]
[White "SATELLITE-DAN"]
[Black "JWB"]
[Result "0-1"]
[WhiteElo "1504"]
[BlackElo "1702"]
[Opening "Four knights: Italian variation"]
[ECO "C55"]
[Time "11:00:08"]
[TimeControl "2700+45"]

1. e4 e5 2. Nf3 Nc6 3. Bc4 Nf6 4. Nc3 Be7 5. d4 exd4 6. Nxd4 d6 7. Be3 O-O 8.
Qd2 Re8 9. O-O Ne5 10. Be2 c6 11. f4 Neg4 12. Rad1 Nxe3 13. Qxe3 Qc7 14. Kh1 Bg4
15. Bxg4 Nxg4 16. Qg3 Nf6 17. Nf5 Bf8 18. Rxd6 Nxe4 19. Nxe4 Rxe4 20. Rfd1 Rae8
21. R6d4 Re2 22. Qc3 Qb6 23. h3 g6 24. Ng3 R2e3 25. R4d3 Bg7 26. Qd2 Bf6 27.
Rxe3 Qxe3 28. Nf1 Qxd2 29. Nxd2 Rd8 30. c3 Bh4 31. Kg1 Bg3 32. Kf1 Bxf4 33. Ke2
Rxd2+ 34. Rxd2 Bxd2 35. Kxd2 f5 36. Ke3 Kf7 37. Kf4 Kf6 38. h4 h6 39. b4 g5+ 40.
hxg5+ hxg5+ 41. Kg3 Ke5 42. Kf3 Kd5 43. Ke3 Kc4 44. Kd2 f4 45. a4 g4 {White
resigns} 0-1

[Event "Team 45 45 League T56"]
[Site "Internet Chess Club"]
[Date "2013.03.24"]
[Round "5"]
[White "Megasus"]
[Black "rayngrant"]
[Result "0-1"]
[WhiteElo "1619"]
[BlackElo "1585"]
[Opening "Grünfeld: 5.e3"]
[ECO "D94"]
[Time "22:01:24"]
[TimeControl "2700+45"]

1. Nf3 Nf6 2. c4 g6 3. Nc3 d5 4. e3 Bg7 5. d4 O-O 6. h3 c5 7. b3 Nc6 8. a3 Bf5
9. Bb2 Qa5 10. Qd2 cxd4 11. exd4 dxc4 12. Bxc4 Rad8 13. Rd1 e6 14. O-O a6 15. b4
Qc7 16. Bb3 Ne4 17. Nxe4 Bxe4 18. Ng5 Bd5 19. Bxd5 Rxd5 20. Nf3 Rfd8 21. Qc1 Qe7
22. Rfe1 Nxd4 23. Nxd4 Bxd4 24. Bxd4 Rxd4 25. Rxd4 Rxd4 26. Qc3 Qd7 27. Kf1 Rd1
28. Qf3 Qb5+ 29. Qe2 Qxe2+ 30. Kxe2 Rxe1+ 31. Kxe1 e5 32. Ke2 f5 33. Ke3 Kf7 34.
g3 Ke6 35. f3 Kd5 36. Kd3 b5 37. g4 e4+ 38. fxe4+ fxe4+ 39. Ke3 g5 {White
resigns} 0-1

[Event "Team 45 45 League T56"]
[Site "Internet Chess Club"]
[Date "2013.03.22"]
[Round "5"]
[White "ILRE"]
[Black "rookmaster23"]
[Result "0-1"]
[WhiteElo "1589"]
[BlackElo "1683"]
[Opening "English opening"]
[ECO "A16"]
[Time "19:01:23"]
[TimeControl "2700+45"]

1. c4 Nf6 2. Nc3 g6 3. Nf3 Bg7 4. g3 O-O 5. Bg2 d6 6. d3 c6 7. O-O Nbd7 8. Rb1
Nc5 9. b4 Nh5 10. bxc5 Bxc3 11. Bh6 Bg7 12. Bxg7 Kxg7 13. cxd6 exd6 14. Qc2 Rb8
15. Qa4 a6 16. Nd2 Bg4 17. Rfe1 Qd7 18. Ne4 f5 19. Ng5 f4 20. Ne4 fxg3 21. hxg3
Bh3 22. Bxh3 Qxh3 23. Nxd6 Rxf2 {White resigns} 0-1